 Dungeon Crawl Stone Soup version 0.29-a0-923-g6e406bff71 (webtiles) character file.

Game seed: 8277857436056955709

1201 ptdevnull the Scholar of Death (level 8, 0/46 HPs)
             Began as a Deep Elf Necromancer on July 27, 2022.
             Was a Follower of Kikubaaqudgha.
             Succumbed to a killer bee's poison
             ... on level 8 of the Dungeon.
             The game lasted 00:13:44 (4453 turns).

ptdevnull the Scholar of Death (DENe)               Turns: 4453, Time: 00:13:44

Health: 0/46       AC: 19    Str:  5    XL:     8   Next: 21%
Magic:  0/22       EV: 13    Int: 23    God:    Kikubaaqudgha [*.....]
Gold:   260        SH:  0    Dex: 15    Spells: 10/23 levels left

rFire   . . .      SeeInvis .   r - +7 staff of the Meek {protect, meekguard}
rCold   + . .      Faith    .   (shield currently unavailable)
rNeg    . . .      Spirit   .   o - +1 robe {rC+}
rPois   .          Reflect  .   p - +1 helmet
rElec   .          Harm     .   (no cloak)
rCorr   .          Rampage  .   (no gloves)
Will    .....                   (no boots)
Stlth   +++.......              (no amulet)
HPRegen 0.15/turn               k - +4 ring of slaying
MPRegen 0.18/turn               (no ring)

@: lethally poisoned (0 -> -4), under a protective aura, hasted, very quick
A: no striking features
a: Renounce Religion, Unearth Wretches


You were on level 8 of the Dungeon.
You worshipped Kikubaaqudgha.
Kikubaaqudgha was aware of your devotion.
You visited 1 branch of the dungeon, and saw 6 of its levels.

You collected 260 gold pieces.

Inventory:

Hand Weapons
 g - a +3 vampiric dagger
 r - the +7 staff of the Meek (weapon) {protect, meekguard}
   (You found it on level 4 of the Dungeon)

   It grants its wielder temporary protection when it strikes (+7 to AC).
   It provides extra protection to wielders with little health.
Armour
 o - a +1 robe of cold resistance (worn)
 p - a +1 helmet (worn)
Jewellery
 k - a +4 ring of slaying (left hand)
Wands
 u - a wand of flame (3)
 v - a wand of roots (6)
Scrolls
 d - 2 scrolls of teleportation
 f - a scroll of noise
 h - a scroll of enchant weapon
 i - a scroll of blinking {unknown}
 j - a scroll of vulnerability {unknown}
 m - a scroll of fear {unknown}
 n - a scroll of butterflies {unknown}
 q - a scroll of magic mapping {unknown}
Potions
 b - 2 potions of magic
 c - a potion of cancellation
 l - 2 potions of attraction
 s - 2 potions of lignification
Miscellaneous
 a - a piece from Xom's chessboard (15/15)


   Skills:
 * Level 3.3 Fighting
 + Level 4.3 Dodging
 + Level 4.5 Stealth
 - Level 8.0 Spellcasting
 - Level 8.0 Necromancy


You had 10 spell levels left.
You knew the following spells:

 Your Spells              Type           Power      Damage    Failure   Level
a - Necrotise             Necr           100%       1d9       1%          1
b - Vampiric Draining     Necr           46%        2d9       1%          3
c - Animate Dead          Necr           46%        N/A       2%          4
d - Agony                 Necr           46%        N/A       7%          5

Your spell library contained the following spells:

 Spells                   Type           Power      Damage    Failure   Level
 Sublimation of Blood     Necr           46%        N/A       1%          2
 Magic Dart               Conj           36%        1d4       7%          1
 Call Imp                 Summ           9%         N/A       11%         2
 Anguish                  Hex/Necr       13%        N/A       13%         4
 Mephitic Cloud           Conj/Pois/Air  9%         N/A       21%         3
 Conjure Ball Lightning   Conj/Air       4%         3x3d6     100%        6
 Discord                  Hex            4%         N/A       100%        8
 Disjunction              Tloc           4%         N/A       100%        8


Dungeon Overview and Level Annotations

Branches:
Dungeon (8/15)
 Temple: D:4-7         Lair: D:8-11

Altars:
Cheibriados
Dithmenos
Elyvilon
Gozag
Kikubaaqudgha
Nemelex Xobeh
Okawaru
Trog
Wu Jian
Xom
Zin

Shops:
D:5 *

Portals:
Sewer: D:5

Annotations:
D:5 Menkaure
D:8 2 runed translucent doors, Hubjo's ghost, novice DsTm


Message History

The killer bee is severely wounded.
You feel sick. The killer bee closely misses you. The killer bee stings you!
* * * LOW HITPOINT WARNING * * *
Aiming: Throw Flame
Press: ? - help, Shift-Dir - straight line, f/p - killer bee
Aim: a killer bee (heavily wounded, 39% to hit)
The puff of flame hits the killer bee.
The killer bee is almost dead.
* * * LOW HITPOINT WARNING * * *
You feel sick. The killer bee closely misses you.
The killer bee barely misses you.
Okay, then.
Aiming: Throw Flame
Press: ? - help, Shift-Dir - straight line, f/p - killer bee
Aim: a killer bee (almost dead, 39% to hit)
The puff of flame misses the killer bee.
* * * LOW HITPOINT WARNING * * *
You feel sick.
The killer bee stings you but does no damage.
Aiming: Throw Flame
Press: ? - help, Shift-Dir - straight line, f/p - killer bee
Aim: a killer bee (almost dead, 39% to hit)
The puff of flame hits the killer bee.
You kill the killer bee!
Kikubaaqudgha accepts your kill.
* * * LOW HITPOINT WARNING * * *
You feel sick.
Okay, then.
Kikubaaqudgha calls piteous wretches from the earth!
An orc and an endoplasm come into view.
There is a lethal amount of poison in your body!
The helpless endoplasm fails to defend itself.
You thump the endoplasm!
Your weapon exudes an aura of protection.
You kill the endoplasm!
That felt strangely unrewarding.
* * * LOW HITPOINT WARNING * * *
You feel sick.
You die...
Kikubaaqudgha rasps: "You have failed me!
Welcome... death!"

#.....#######....#..§
#.....#.......####..§
#.....+.............≈
#[....#.........§...§
#.....#........≈§≈≈≈≈
####o##........≈§≈≈≈≈
#>..........§.....
#.########........ #@#
.....##.#..#
#........##.....##...##
#........##.....##.###
#........##.....##.#
#........##..... #.####
#........##.....##.....
######.#.. ...........#
#.#.##.....#####.# ####
#....#


You could see an orc (paralysed).

Vanquished Creatures
  Sigmund (D:3)
  An acid dragon (D:8)
  2 bullfrogs
  A necrophage (D:8)
  A scorpion (D:4)
  5 killer bees (D:8)
  A howler monkey (D:5)
  2 jellies
  A hound (D:5)
  A gnoll bouda (D:8)
  2 orc wizards (D:4)
  10 gnolls
  5 adders
  A worm (D:2)
  4 dart slugs
  15 orcs
  3 bats (D:1)
  11 endoplasms
  5 giant cockroaches
  4 goblins
  4 hobgoblins
  A quokka (D:5)
  6 ball pythons
  2 frilled lizards
  2 kobolds (D:1)
  6 rats
97 creatures vanquished.

Vanquished Creatures (collateral kills)
  2 gnolls (D:3)
  An orc (D:5)
  2 goblins (D:3)
  A rat (D:3)
  2 butterflies (D:3)
8 creatures vanquished.

Vanquished Creatures (others)
  A fungus (D:1)
1 creature vanquished.

Grand Total: 106 creatures vanquished

Notes
Turn   | Place    | Note
-------+----------+-------------------------------------------
     0 | D:1      | ptdevnull the Deep Elf Necromancer began the quest for the
                  | Orb.
     0 | D:1      | Reached XP level 1. HP: 10/10 MP: 6/6
   186 | D:1      | Reached skill level 5 in Necromancy
   211 | D:1      | Reached XP level 2. HP: 13/15 MP: 1/8
   673 | D:1      | Found a faded altar of an unknown god.
   934 | D:2      | Reached XP level 3. HP: 19/19 MP: 5/10
  1255 | D:2      | Learned a level 3 spell: Vampiric Draining
  1255 | D:2      | Found a shimmering altar of Xom.
  1258 | D:2      | Reached XP level 4. HP: 24/24 MP: 9/12
  1789 | D:3      | Noticed a bullfrog
  1794 | D:3      | Killed a bullfrog
  1795 | D:3      | Reached skill level 5 in Spellcasting
  1795 | D:3      | Reached XP level 5. HP: 27/28 MP: 8/14
  1980 | D:3      | Found an ancient bone altar of Kikubaaqudgha.
  2144 | D:3      | Became a worshipper of Kikubaaqudgha
  2184 | D:3      | Found a sparkling altar of Nemelex Xobeh.
  2224 | D:3      | Found an ornate altar of the Wu Jian Council.
  2302 | D:3      | Found an iron altar of Okawaru.
  2318 | D:3      | Found a shadowy altar of Dithmenos.
  2374 | D:3      | Found a shimmering altar of Xom.
  2374 | D:3      | Noticed Sigmund
  2394 | D:3      | Killed Sigmund
  2395 | D:3      | Reached XP level 6. HP: 29/32 MP: 9/17
  2633 | D:3      | Learned a level 4 spell: Animate Dead
  2639 | D:3      | Learned a level 5 spell: Agony
  2897 | D:4      | Found the +7 staff of the Meek {protect, meekguard}
  3044 | D:4      | Reached XP level 7. HP: 36/36 MP: 13/19
  3049 | D:4      | Reached * piety under Kikubaaqudgha
  3049 | D:4      | Received a gift from Kikubaaqudgha
  3362 | D:5      | Entered Level 5 of the Dungeon
  3499 | D:5      | Noticed Menkaure
  3520 | D:5      | Found Tuahi Hai's General Store.
  3616 | D:5      | Found a faded altar of an unknown god.
  3616 | D:5      | Found a glowing silver altar of Zin.
  3622 | D:5      | Found a bloodstained altar of Trog.
  3624 | D:5      | Found a snail-covered altar of Cheibriados.
  3627 | D:5      | Found a white marble altar of Elyvilon.
  3809 | D:5      | Reached skill level 1 in Fighting
  3856 | D:5      | Found a glowing drain.
  3856 | D:5      | You fall into a shaft and drop 3 floors!
  3947 | D:8      | Found a large runed translucent door.
  3948 | D:8      | Found a large runed translucent door.
  3948 | D:8      | Noticed Hubjo's ghost (novice DsTm)
  4407 | D:8      | Found an opulent altar of Gozag.
  4429 | D:8      | Reached XP level 8. HP: 29/45 MP: 16/22
  4449 | D:8      | HP: 2/46 [poisoned by a killer bee]
  4453 | D:8      | Succumbed to a killer bee's poison

Illustrated notes

Levels and vault maps discovered:
D:1:      dpeg_arrival_shrine, layout_rooms,
          dreamdust_ecumenical_altar_hidden_monk_grotto
D:2:      layout_basic, basic_altar
D:3:      layout_basic, mainiacjoe_overflow_swirl,
          mainiacjoe_overflow_boulevard, xom_butterflies,
          mainiacjoe_overflow_surrounded_room, lemuel_tele_altar, uniq_sigmund
D:4:      layout_rooms
D:5:      layout_basic, chequers_temple_overflow_minitemple,
          minmay_temple_entry_poolview, gup_sewer_entry_pipe,
          minmay_misc_feat_columns, minmay_shop_grid_forest, uniq_menkaure
D:8:      layout_basic, mainiacjoe_overflow_chevrons,
          ebering_ghost_disaster_area, hangedman_decor_riveting

Skill      XL: |  1  2  3  4  5  6  7  8 |
---------------+-------------------------+-----
Necromancy     | 5 6 7 8 |  8.0
Spellcasting   | 4 5 6 7 8 |  8.0
Fighting       | 2 3 |  3.3
Dodging        | 3 4 |  4.3
Stealth        | 4 |  4.5

Action                   |  1- 3 |  4- 6 |  7- 9 || total
-------------------------+-------+-------+-------++-------
Melee: Dagger            |     5 |     8 |       ||    13
       Quarterstaff      |       |       |    20 ||    20
 Cast: Necrotise         |    49 |    84 |    76 ||   209
       Vampiric Draining |       |     2 |    11 ||    13
Invok: Unearth Wretches  |       |       |     1 ||     1
Evoke: Wand              |       |     2 |     4 ||     6
  Use: Scroll            |       |       |     6 ||     6
       Potion            |       |       |     2 ||     2
 Stab: Paralysed         |       |       |     1 ||     1
Armor: Robe              |       |     2 |    29 ||    31
Dodge: Dodged            |     3 |    12 |    42 ||    57

Table legend: (Time is in decaauts)
 A = Elapsed time spent in this place.
 B = Non-inter-level travel time spent in this place.
 C = Inter-level travel time spent in this place.
 D = Time resting spent in this place.
 E = Time spent auto-exploring this place.
 F = Levels seen in this place.
 G = Mean time per level.
                   A        B        C        D        E       F      G
               +--------+--------+--------+--------+--------+-----+--------+
         Total |   4455 |   4263 |    192 |    306 |   3002 |   6 |  742.5 |
       Dungeon |   4455 |   4263 |    192 |    306 |   3002 |   6 |  742.5 |
               +--------+--------+--------+--------+--------+-----+--------+

Top non-repeatable levels by time:
     D:2: 911 daAuts
     D:3: 905 daAuts
     D:1: 843 daAuts
     D:4: 702 daAuts
     D:8: 594 daAuts
     D:5: 498 daAuts
